 Dungeon Crawl Stone Soup version 0.30-b1-2-g02819fbbbe (webtiles) character file.

Game seed: 13586389751514835799

100 MajorAdolf the Shooter (level 4, -5/36 (38) HPs)
             Began as a Naga Wanderer on Aug 30, 2023.
             Slain by an orc warrior
             ... wielding a +0 flail
              (11 damage)
             ... on level 4 of the Dungeon.
             The game lasted 00:05:48 (3359 turns).

MajorAdolf the Shooter (Naga Wanderer)              Turns: 3359, Time: 00:05:49

HP:   -5/36 (38)    AC:  3    Str: 11    XL:     4   Next: 74%
MP:   7/7           EV: 10    Int: 14    God:
Gold: 150           SH:  0    Dex: 14    Spells: 3/7 levels left

rFire   . . .        r - +0 whip (drain)
rCold   . . .        (no shield)
rNeg    . . .        d - +0 robe
rPois   +            b - +0 helmet
rElec   .            m - scarf {repulsion}
rCorr   .            (no gloves)
SInv    +            (no barding)
Will    .....        (no amulet)
Stlth   ++           (no ring)
HPRegen 0.26/turn    (no ring)
MPRegen 0.10/turn

%: repel missiles
@: drained, very slow
A: AC +1, large, see invisible, deformed body, poison resistance, slowness 2,
spit poison 1, naga tail 1
a: Spit Poison


You were on level 4 of the Dungeon.
You visited 1 branch of the dungeon, and saw 4 of its levels.

You collected 150 gold pieces.

Inventory:

Hand Weapons
 a - a +2 sling
 g - a +4 whip
 r - a +0 whip of draining (weapon)
Missiles
 q - 3 poisoned darts
Armour
 b - a +0 helmet (worn)
 d - a +0 robe (worn)
 m - a scarf of repulsion (worn)
Jewellery
 f - a ring of positive energy
 s - an amulet of the acrobat
Scrolls
 e - 5 scrolls of identify {unknown}
 j - a scroll of fear {unknown}
 l - a scroll of vulnerability {unknown}
Potions
 c - 4 potions of curing
 h - a potion of degeneration {unknown}
 i - 2 potions of lignification {unknown}
 k - a potion of heal wounds {unknown}
 n - a potion of flight {unknown}
 o - a potion of mutation {unknown}
 p - a potion of brilliance {unknown}


   Skills:
 - Level 1.0 Fighting
 + Level 3.4 Ranged Weapons
 - Level 1.5 Dodging
 - Level 1.5 Stealth
 + Level 2.2 Spellcasting
 + Level 1.0 Hexes
 + Level 2.4 Translocations
 - Level 1.0 Evocations


You had 3 spell levels left.
You knew the following spells:

 Your Spells              Type           Power      Damage    Failure   Level
a - Apportation           Tloc           16%        N/A       9%          1
b - Portal Projectile     Hex/Tloc       12%        N/A       34%         3

Your spell library contained the following spells:

 Spells                   Type           Power      Damage    Failure   Level
 Necrotise                Necr           4%         1d4       24%         1
 Summon Small Mammal      Summ           4%         N/A       24%         1
 Ensorcelled Hibernation  Hex/Ice        6%         N/A       28%         2
 Spider Form              Tmut/Pois      1%         N/A       56%         3
 Manifold Assault         Tloc           8%         N/A       65%         4
 Anguish                  Hex/Necr       1%         N/A       88%         4
 Dispersal                Tloc           4%         N/A       100%        6
 Disjunction              Tloc           4%         N/A       100%        8


Dungeon Overview and Level Annotations

Branches:
Dungeon (4/15)
 Temple: D:4-7

Altars:
Cheibriados
Makhleb

Shops:
D:3 *

Annotations:
D:3 1 runed translucent door, Crazy Yiuf


Innate Abilities, Weirdness & Mutations

Your serpentine skin is tough. (AC +1)
You have supernaturally acute eyesight. (SInv)
Armour fits poorly on your strangely shaped body.
Your system is resistant to poisons. (rPois)
You cover ground very slowly.
You can spit poison.
You have a snake-like lower body.


Message History

An orc warrior comes into view. It is wielding a +0 flail.
The orc wizard casts a spell.
The orc wizard flickers and vanishes for a moment.
An orc comes into view. It is wielding a +0 club.
The orc hits you with a +0 whip.
You hear a shout!
The orc shouts!
You whack the orc!
You kill the orc!
You barely miss the orc wizard.
The orc wizard hits you with a +0 dagger.
You closely miss the orc wizard. The orc wizard barely misses you.
Okay, then.
Okay, then.
You aren't carrying any items that you can evoke.
Aiming: Spit Poison (1% risk of failure)
Press: ? - help, Shift-Dir - straight line, f - orc wizard
Aim: an orc wizard, wielding a +0 dagger and wearing a +0 robe (slightly transparent, 50% to hit)
The splash of poison misses the orc wizard.
The orc warrior hits you with a +0 flail.
The orc wizard hits you with a +0 dagger.
The orc wizard points at you and mumbles some strange words.
The magic dart hits you. The orc warrior barely misses you.
Okay, then.
Okay, then.
You sense an unholy aura.
r - a +0 whip of draining (weapon)
You closely miss the orc warrior. Your punch misses the orc warrior.
You have got your breath back.
The orc warrior hits you with a +0 flail!
You hit the orc warrior but do no damage.
You drain the orc warrior.
The orc warrior is lightly wounded.
The orc warrior hits you with a +0 flail!
* * * LOW HITPOINT WARNING * * *
Unknown command.
The orc warrior attacks as you move away!
The orc warrior hits you with a +0 flail!
You die...

#! .. #. #. #.
#)## #oo# ##o# #+#
#@######### #.#
#.........# #.#
#.#######.###.##
#.# #.##...###
#.##### #.#.......
#.....###.##...###
#.###.........##
#.# #####.###.#
#.#######.# #.#


You could see an orc warrior (drained), an orc wizard (invisible) and an orc.

Vanquished Creatures
  3 adders
  4 dart slugs
  5 orcs
  11 endoplasms
  3 giant cockroaches
  3 goblins
  2 hobgoblins
  6 kobolds
  3 quokkas
  6 ball pythons
  3 bats
  3 frilled lizards
  5 rats
57 creatures vanquished.

Notes
Turn   | Place    | Note
-------+----------+-------------------------------------------
     0 | D:1      | MajorAdolf the Naga Wanderer began the quest for the Orb.
     0 | D:1      | MajorAdolf set off with the following items: a +2 sling, a
                  | +0 helmet, a potion of curing, a +0 robe; and the following
                  | spell memorised: Apportation; and the following spells
                  | available to memorise: Portal Projectile.
     0 | D:1      | Reached XP level 1. HP: 18/18 MP: 2/2
   322 | D:1      | Reached XP level 2. HP: 22/25 MP: 3/3
   580 | D:1      | Reached skill level 3 in Ranged Weapons
  1125 | D:2      | Reached XP level 3. HP: 31/31 MP: 5/5
  1401 | D:2      | Learned a level 3 spell: Portal Projectile
  2170 | D:3      | Found Eclem's Assorted Antiques.
  2231 | D:3      | Reached XP level 4. HP: 28/36 MP: 7/7
  2795 | D:3      | Reached skill level 1 in Hexes
  2885 | D:3      | Found a burning altar of Makhleb.
  2885 | D:3      | Found a snail-covered altar of Cheibriados.
  3202 | D:3      | Found a runed translucent door.
  3203 | D:3      | Noticed Crazy Yiuf
  3348 | D:4      | Noticed an orc warrior
  3359 | D:4      | Slain by an orc warrior

Illustrated notes

Levels and vault maps discovered:
D:1:      dpeg_arrival_central, layout_loops_corners
D:2:      layout_basic
D:3:      layout_basic, mainiacjoe_overflow_large_starburst, serial_shops, shop,
          uniq_crazy_yiuf_cottage
D:4:      layout_loops_corners, kiku_gazebo_pond_becter, serial_shops,
          nicolae_shop_window_shopping, uniq_blork_the_orc

Skill      XL: |  1  2  3  4 |
---------------+-------------+-----
Ranged Weapons | 3 |  3.4
Translocations | 2 |  2.4
Spellcasting   | 2 |  2.2
Hexes          | 1 |  1.0
Fighting       | |  1.0
Dodging        | |  1.5
Stealth        | |  1.5
Evocations     | |  1.0

Action                     |  1- 3 |  4- 6 || total
---------------------------+-------+-------++-------
  Melee: Whip              |    85 |    35 ||   120
   Fire: Sling             |       |     8 ||     8
   Cast: Apportation       |     5 |     2 ||     7
Ability: Spit Poison       |    11 |     8 ||    19
   Stab: Sleeping          |     5 |     3 ||     8
 Armour: Robe              |    14 |     5 ||    19
  Dodge: Dodged            |    43 |    10 ||    53
         Repelled          |       |     1 ||     1
